 Dungeon Crawl Stone Soup version 0.19-a0-503-g45a6586 (webtiles) character file.

135 tyrsky the Ruffian (level 5, -1/32 HPs)
             Began as a Gargoyle Monk on June 5, 2016.
             Was a Believer of Qazlal.
             Slain by a gnoll
             ... wielding a +0 spear
              (4 damage)
             ... on level 3 of the Dungeon.
             The game lasted 00:04:43 (2592 turns).

tyrsky the Ruffian (Gargoyle Monk)                  Turns: 2592, Time: 00:04:43

Health: -1/32      AC:  6    Str: 16    XL:     5   Next: 18%
Magic:  5/5        EV: 13    Int: 10    God:    Qazlal [**....]
Gold:   111        SH:  3    Dex: 12    Spells: 0 memorised, 4 levels left

rFire  . . .     SeeInvis .       - Unarmed
rCold  . . .     Gourm    .     a - +0 robe
rNeg   + . .     Faith    .     (no shield)
rPois  ∞         Spirit   .     (no helmet)
rElec  +         Dismiss  .     (no cloak)
rCorr  .         Reflect  .     (no gloves)
SustAt .         Harm     .     (no boots)
MR     .....                    (no amulet)
Stlth  ++........               (no ring)
                                (no ring)

@: not resistant to hostile enchantments, unstealthy
A: negative energy resistance 1, electricity resistance, unbreathing,
petrification resistance, rot immunity, AC +4
a: Upheaval, Renounce Religion


You were on level 3 of the Dungeon.
You worshipped Qazlal.
Qazlal was pleased with you.
You were hungry.

You visited 1 branch of the dungeon, and saw 3 of its levels.

You collected 111 gold pieces.

Inventory:

Armour
 a - a +0 robe (worn)
Jewellery
 f - an uncursed ring of sustain attributes {unknown}
 r - an uncursed amulet of dismissal {unknown}
Scrolls
 d - a scroll of random uselessness {unknown}
 g - 3 scrolls of enchant weapon {unknown}
 o - a scroll of remove curse {unknown}
 p - a scroll of immolation {unknown}
Potions
 c - a potion of experience {unknown}
 i - a potion of berserk rage {unknown}
 j - a potion of brilliance {unknown}
 k - a potion of heal wounds {unknown}
 l - a potion of invisibility {unknown}
 n - a potion of haste {unknown}
Books
 m - a book of Cantrips

   Spells                             Type                      Level
   a - Corona                         Hexes                        1
   b - Animate Skeleton               Necromancy                   1
   c - Summon Small Mammal            Summoning                    1
   d - Apportation                    Translocation                1
Comestibles
 b - 2 bread rations
 h - 2 meat rations


   Skills:
 - Level 3.2 Fighting
 * Level 3.8 Dodging
 + Level 3.2 Stealth
 + Level 4.6 Unarmed Combat
 + Level 0.4 Invocations


You had 4 spell levels left.
You didn't know any spells.

Dungeon Overview and Level Annotations

Branches:
Dungeon (3/15)

Altars:
Qazlal
The Shining One


Innate Abilities, Weirdness & Mutations

You are resistant to torment.
Your stone body is resilient. (AC +4)
You are immune to poison.
You resist negative energy. (rN+)
You are resistant to electric shocks. (rElec)
You can survive without breathing.
You are immune to petrification.
You are immune to rotting.


Message History

You feel better. The adder bites you but does no damage.
You miss the adder. The adder bites you. The ogre misses you.
The gnoll hits you from afar with a spear.
* * * LOW HITPOINT WARNING * * *
You hit the adder but do no damage. The adder barely misses you.
The gnoll misses you. You block the ogre's attack.
You closely miss the adder. You block the adder's attack.
The gnoll closely misses you. The adder closely misses you.
You hit the adder.
The adder is lightly wounded.
The ogre hits you with a giant club!
* * * LOW HITPOINT WARNING * * *
The gnoll hits you from afar with a spear.
* * * LOW HITPOINT WARNING * * *
The adder completely misses you.
You completely miss the adder.
The adder is lightly wounded.
The ogre misses you. The adder bites you but does no damage.
The gnoll hits you from afar with a spear.
You die...

*,*,*** ***** *,,,,,* **,,,,
*,*,,,* *,,,*,
*,*,************************,,*_*
*,,,,,,,,,,,,,,,,,,,,,,,,,,,,,,*,
***,******#####*****###,,,,,,,,.,
##*,,,,,,,,.g(# *,...#,,,,,,,,..
.############g####....#.,,,,,,,,,
......(.....>ggO9S......,,,,,,,..
.####......#..####....#.,,,,,,,..
.# #...<..#..# **####,,,,,,,,,,
.# #......+..# *,,,,,,,,,,
.####......#.## *,,,,,,,,,.
...........#.#######********,,,,.
...........#........,,,,,* *****#
.......###..........,,,,,*
.......# #..........,,,,,*


You could see an ogre, 3 gnolls and an adder.

Vanquished Creatures
  A worker ant (D:3)
  4 adders
  An ooze (D:2)
  3 worms (D:3)
  A dart slug (D:3)
  A giant gecko (D:2)
  An orc (D:3)
  A giant cockroach (D:1)
  6 goblins
  8 hobgoblins
  5 jackals (D:3)
  A quokka (D:2)
  A ball python (D:1)
  5 bats
  8 giant newts
  6 kobolds
  9 rats
62 creatures vanquished.

Vanquished Creatures (others)
  7 toadstools (D:1)
7 creatures vanquished.

Grand Total: 69 creatures vanquished

Notes
Turn   | Place    | Note
--------------------------------------------------------------
     0 | D:1      | tyrsky the Gargoyle Monk began the quest for the Orb.
     0 | D:1      | Reached XP level 1. HP: 14/14 MP: 1/1
   319 | D:1      | Reached XP level 2. HP: 16/19 MP: 2/2
   784 | D:2      | Reached XP level 3. HP: 11/23 MP: 3/3
  1711 | D:2      | Reached XP level 4. HP: 25/28 MP: 4/4
  1803 | D:3      | Found a stormy altar of Qazlal.
  1818 | D:3      | Became a worshipper of Qazlal Stormbringer
  1818 | D:3      | Reached * piety under Qazlal
  1818 | D:3      | Reached ** piety under Qazlal
  2104 | D:3      | Reached XP level 5. HP: 31/32 MP: 5/5
  2151 | D:3      | Found a glowing golden altar of the Shining One.
  2566 | D:3      | Noticed an ogre
  2592 | D:3      | Slain by a gnoll

Vault maps used:
D:1:      nagdon_arrival_double_spiral
D:3:      lemuel_crystal_altar, lemuel_doored_altar, ecumenical_altar_1,
          serial_park_tiny_1, serial_park_tiny_2

Skill      XL: |  1  2  3  4 |
---------------+-------------+-----
Dodging        | 3 |  3.8
Stealth        | 3 |  3.2
Fighting       | |  3.2
Unarmed Combat | |  4.6
Invocations    | |  0.4

Action                   |  1- 3 |  4- 6 || total
-------------------------+-------+-------++-------
Melee: Unarmed           |   153 |    97 ||   250
       Punch             |     2 |     5 ||     7
  Use: Potion            |       |     2 ||     2
       Scroll            |       |     1 ||     1
 Stab: Sleeping          |     7 |       ||     7
  Eat: Chunk             |     3 |     2 ||     5
Armor: Robe              |    37 |    31 ||    68
Dodge: Dodged            |   101 |    71 ||   172
Block: Other             |       |     8 ||     8
